 Dungeon Crawl Stone Soup version 0.28-a0-1130-gc51a68064b (webtiles) character file.

Game seed: 37095985190291182

20577 devnull the Covert (level 12, -1/106 HPs)
             Began as a Ghoul Gladiator on Dec 12, 2021.
             Was a High Priest of Okawaru.
             Slain by a harpy simulacrum (3 damage)
             ... in an ice cave.
             The game lasted 01:07:44 (19761 turns).

devnull the Covert (Ghoul Gladiator)               Turns: 19761, Time: 01:07:45

Health: -1/106     AC: 11    Str: 29    XL:     12   Next: 80%
Magic:  11/11      EV: 14    Int:  3    God:    Okawaru [*****.]
Gold:   573        SH:  0    Dex: 10    Spells: 11/11 levels left

rFire   . . .      SeeInvis .   a - +1 broad axe (flame)
rCold   + . .      Faith    .   (no shield)
rNeg    + + +      Spirit   .   s - +3 leather armour
rPois   ∞          Reflect  .   c - +2 helmet
rElec   .          Harm     .   (no cloak)
rCorr   .          Rampage  .   m - +1 pair of gloves
Will    +....                   (no boots)
Stlth   +++++.....              U - amulet of the acrobat
HPRegen 0.00/turn               f - ring of willpower
MPRegen 0.12/turn               i - +6 ring of strength

@: about to teleport, inhibited regen
A: claws 1, cold resistance 1, negative energy resistance 3, inhibited
regeneration, torment resistance 2
a: Renounce Religion, Heroism, Finesse, Duel


You were in an ice cave.
You worshipped Okawaru.
Okawaru was extremely pleased with you.
You visited 3 branches of the dungeon, and saw 15 of its levels.
You also visited: Ice Cave.

You collected 678 gold pieces.
You spent 105 gold pieces at shops.

Inventory:

Hand Weapons
 a - a +1 broad axe of flaming (weapon)
 b - the +5 dagger of Crystal {flame, Str+8 Stlth+}
   (You found it on level 10 of the Dungeon)

   It burns those it strikes, dealing additional fire damage.
   Str:       It affects your strength (+8).
   Stlth:     It makes you more stealthy.
 k - a +0 trident of protection
 t - a +1 flail of venom
 u - a +4 vorpal hand axe
 I - a +0 war axe of freezing
Missiles
 d - 2 throwing nets
 j - 62 poisoned darts (quivered)
 p - 5 boomerangs
 K - 10 javelins {@f1}
 M - 15 silver javelins {@f2}
 T - 10 atropa-tipped darts {@f3}
Armour
 c - a +2 helmet (worn)
 m - a +1 pair of gloves (worn)
 s - a +3 leather armour (worn)
 B - a +4 chain mail
Jewellery
 f - a ring of willpower (left hand)
 h - a ring of wizardry
 i - a +6 ring of strength (right hand)
 q - a ring of fire
 y - a ring of fire
 O - a +6 ring of strength
 U - an amulet of the acrobat (around neck)
Wands
 n - a wand of flame (4)
 C - a wand of paralysis (3)
 P - a wand of iceblast (8)
 R - a wand of mindburst (10)
 V - a wand of digging (6)
Scrolls
 l - a scroll of magic mapping
 o - 2 scrolls of fog
 v - a scroll of teleportation
 w - 4 scrolls of immolation
 x - 2 scrolls of amnesia
 D - 2 scrolls of noise
 G - a scroll of summoning
 H - 2 scrolls of holy word
 J - a scroll of torment
 L - a scroll of blinking
 Q - a scroll of fear {unknown}
Potions
 e - 3 potions of flight
 g - 2 potions of lignification
 r - 2 potions of degeneration
 z - a potion of cancellation
 A - 2 potions of resistance
 E - a potion of attraction
 F - 2 potions of magic {unknown}
 N - 2 potions of might {unknown}
 S - 2 potions of curing


   Skills:
 - Level 9.8 Fighting
 - Level 8.5 Axes
 - Level 9.3 Throwing
 - Level 8.5 Dodging
 - Level 13.0 Stealth
 + Level 0.1 Invocations


You had 11 spell levels left.
You didn't know any spells.
Your spell library contained the following spells:

 Spells                   Type           Power      Damage    Failure   Level
 Sandblast                Erth           0%         2d4       56%         1
 Corpse Rot               Necr/Air       0%         N/A       71%         2
 Passwall                 Tmut/Erth      0%         N/A       71%         2
 Poisonous Vapours        Pois/Air       0%         N/A       71%         2
 Ozocubu's Armour         Ice            0%         N/A       90%         3
 Stone Arrow              Conj/Erth      0%         3d7       90%         3
 Swiftness                Air            0%         N/A       90%         3
 Ozocubu's Refrigeration  Ice            0%         4d5       100%        7
 Lehudib's Crystal Spear  Conj/Erth      0%         10d2      100%        8
 Animate Armour           Summ/Erth      Unusable   N/A       N/A         4

Dungeon Overview and Level Annotations

Branches:
Dungeon (13/15)            Temple (1/1) D:7            Lair (0/6) D:9
    Orc (1/2) D:10          IceCv (1/1)
 Vaults: D:13-14

Altars:
Ashenzari
Cheibriados
Dithmenos
Elyvilon
Fedhas
Gozag
Hepliaklqana
Kikubaaqudgha
Makhleb
Nemelex Xobeh
Okawaru
Qazlal
Ru
Sif Muna
Trog
Uskayaw
Vehumet
Wu Jian
Xom
Yredelemnul
Zin
The Shining One
Lugonu

Shops:
D:8 (   D:12 ?

Annotations:
D:10 exclusion: orange crystal statue


Innate Abilities, Weirdness & Mutations

You thrive by killing the living.
You are immune to poison.
You have sharp fingernails.
Your flesh is cold resistant. (rC+)
You are immune to negative energy. (rN+++)
You do not regenerate when monsters are visible.
You are immune to unholy pain and torment.


Message History

You melt the harpy simulacrum.
The harpy simulacrum barely misses you.
The harpy simulacrum closely misses you.
The harpy simulacrum barely misses you. The harpy simulacrum claws you.
The harpy simulacrum freezes you! You resist.
The ice devil hits you but does no damage.
The ice devil hits you. The ice devil freezes you! You resist.
The harpy simulacrum claws you! The harpy simulacrum freezes you. You resist.
* * * LOW HITPOINT WARNING * * *
The harpy simulacrum claws you but does no damage.
You hit the ice devil but do no damage.
The ice devil is almost dead.
You hit the ice devil but do no damage. You barely miss the harpy simulacrum.
The harpy simulacrum claws you.
* * * LOW HITPOINT WARNING * * *
The harpy simulacrum freezes you! You resist.
* * * LOW HITPOINT WARNING * * *
The harpy simulacrum misses you. x2; The harpy simulacrum barely misses you.
The ice devil hits you but does no damage. x2
The harpy simulacrum barely misses you.
The harpy simulacrum claws you but does no damage.
Okay, then.
Blink to where?
Press: ? - help, Dir - move target
As you read the scroll of blinking, it crumbles to dust.
Okay, then.
Okay, then.
Unknown command.
Okay, then.
Okay, then.
Okay, then.
Unknown command.
As you read the scroll of teleportation, it crumbles to dust.
You feel strangely unstable. The harpy simulacrum claws you.
* * * LOW HITPOINT WARNING * * *
The harpy simulacrum freezes you! You resist.
* * * LOW HITPOINT WARNING * * *
The harpy simulacrum barely misses you. The harpy simulacrum claws you.
* * * LOW HITPOINT WARNING * * *
The harpy simulacrum freezes you. You resist.
You die...

###....### ##........###
##....###....## #####
#...###.###...## ##...#####
#...##....####.. ##........##
######..##.....##..
#..........###.#...........)###.
##..........#...Z.....##..[##...
#..............@##.#########...#
##............###○..# ###...##
#..........####...######...###
#.#....#.### ###Z........##
####..##### ###.4§○.......#
##...##.## #☼§Z.##.........
##..#.....#.§.○.##§.####......
#..##...#§§§#○#. ☼§ . #......
#...######.☼○.## § 4 ##.....


You could see a harpy simulacrum.

Vanquished Creatures
  Gastronok (D:8)
  Josephine (D:12)
  A hydra (D:12)
  4 two-headed ogres
  3 death yaks (D:9)
  3 deep elf pyromancers
  A cyclops (D:11)
  2 manticores
  2 ice statues (IceCv)
  An unseen horror (D:12)
  A kobold demonologist (D:9)
  A freezing wraith (IceCv)
  2 ice devils (IceCv)
  3 trolls
  A jumping spider (shapeshifter) (D:8)
  8 yaks
  A centaur simulacrum (D:10)
  9 wraiths
  Grum (D:10)
  2 steam dragons
  Menkaure (D:6)
  2 death yak simulacra (IceCv)
  3 vampire mosquitoes (D:12)
  3 water moccasins
  A sky beast (D:7)
  8 orc warriors
  A necrophage (D:4)
  3 wolves (D:10)
  2 centaurs
  An ogre (D:5)
  4 kobold brigands
  Blork the orc (D:5)
  5 bullfrogs
  A two-headed ogre simulacrum (IceCv)
  A cane toad simulacrum (IceCv)
  A gnoll sergeant (D:9)
  2 wyvern zombies (D:8)
  3 scorpions
  2 wyvern skeletons (D:7)
  A water moccasin skeleton (D:6)
  8 wights
  15 killer bees
  An elephant simulacrum (IceCv)
  4 howler monkeys
  The ghost of RancidPinata the Sneak, a weakling GrDe (D:6)
  2 centaur zombies
  A centaur skeleton (D:4)
  6 hounds
  A bullfrog skeleton (D:3)
  2 iguanas (D:6)
  7 orc priests
  Jessica (D:2)
  Terence (D:2)
  12 orc wizards
  A troll simulacrum (IceCv)
  A spriggan simulacrum (IceCv)
  A killer bee zombie (D:6)
  A hound skeleton (D:2)
  A howler monkey zombie (D:4)
  An adder (D:2)
  A shadow imp (D:6)
  14 white imps
  5 ufetubi
  A worm (D:3)
  2 dart slugs
  35 orcs
  7 bats
  6 endoplasms
  18 giant cockroaches
  6 goblins
  4 hobgoblins
  9 jackals
  3 quokkas
  7 ball pythons
  A frilled lizard (D:2)
  21 kobolds
  3 rats
305 creatures vanquished.

Vanquished Creatures (others)
  An adder (D:5)
1 creature vanquished.

Grand Total: 306 creatures vanquished

Notes
Turn   | Place    | Note
-------+----------+-------------------------------------------
     0 | D:1      | devnull the Ghoul Gladiator began the quest for the Orb.
     0 | D:1      | Reached XP level 1. HP: 17/17 MP: 0/0
   253 | D:1      | Found a faded altar of an unknown god.
   271 | D:1      | Reached XP level 2. HP: 7/25 MP: 1/1
   998 | D:1      | Reached XP level 3. HP: 27/30 MP: 2/2
  1349 | D:2      | Reached XP level 4. HP: 28/38 MP: 3/3
  1416 | D:2      | Noticed Terence
  1492 | D:2      | Killed Terence
  1856 | D:2      | Noticed Jessica
  1864 | D:2      | Killed Jessica
  1865 | D:2      | Reached XP level 5. HP: 35/45 MP: 4/4
  3607 | D:4      | Found a blossoming altar of Fedhas.
  3622 | D:4      | Reached XP level 6. HP: 25/52 MP: 5/5
  4086 | D:4      | Found an ornate altar of the Wu Jian Council.
  4234 | D:4      | Noticed a necrophage
  4240 | D:4      | Killed a necrophage
  4511 | D:4      | Found an ancient bone altar of Kikubaaqudgha.
  4598 | D:4      | Reached XP level 7. HP: 42/60 MP: 6/6
  5359 | D:5      | Entered Level 5 of the Dungeon
  5361 | D:5      | Found a snail-covered altar of Cheibriados.
  5651 | D:5      | Identified the +1 robe of Conscience {Int+3}
  6087 | D:5      | Reached skill level 5 in Fighting
  6333 | D:6      | Found a broken altar of Ashenzari.
  6344 | D:5      | Reached XP level 8. HP: 42/68 MP: 7/7
  6378 | D:5      | Reached skill level 5 in Axes
  6378 | D:5      | Reached skill level 5 in Dodging
  6815 | D:6      | Noticed Menkaure
  6820 | D:6      | Noticed Blork the orc
  6842 | D:5      | Killed Blork the orc
  6843 | D:5      | Reached skill level 5 in Throwing
  7038 | D:6      | Killed Menkaure
  7287 | D:6      | Reached XP level 9. HP: 70/78 MP: 8/8
  7339 | D:6      | Found a runed translucent door.
  7371 | D:6      | Noticed RancidPinata's ghost (weakling GrDe)
  8212 | D:7      | Found a staircase to the Ecumenical Temple.
  8466 | Temple   | Entered the Ecumenical Temple
  8513 | Temple   | Became a worshipper of Warmaster Okawaru
  8920 | D:8      | Found a shadowy altar of Dithmenos.
  9082 | D:8      | Found Vaifrock's Weapon Shoppe.
  9303 | D:8      | Noticed a jumping spider
  9309 | D:8      | Killed a jumping spider
  9309 | D:8      | Reached * piety under Okawaru
  9310 | D:8      | Reached XP level 10. HP: 59/88 MP: 9/9
  9521 | D:8      | Noticed Gastronok
  9625 | D:8      | Killed Gastronok
  9625 | D:8      | Reached ** piety under Okawaru
  9800 | D:8      | Found a shimmering altar of Xom.
  9801 | D:8      | Found a shimmering blue altar of Sif Muna.
  9803 | D:8      | Found a basalt altar of Yredelemnul.
  9807 | D:8      | Found a stormy altar of Qazlal.
  9889 | D:8      | Upgraded the game from 0.28-a0-1117-g0bdd5ba030 to
                  | 0.28-a0-1130-gc51a68064b
 11217 | D:9      | Reached *** piety under Okawaru
 11430 | D:9      | Found a staircase to the Lair.
 11430 | D:9      | Noticed a death yak
 11499 | D:9      | Noticed a death yak
 11542 | D:9      | Killed a death yak
 11542 | D:9      | Received a gift from Okawaru
 11606 | D:9      | Killed a death yak
 11607 | D:9      | Reached XP level 11. HP: 44/97 MP: 10/10
 11904 | D:9      | Noticed a death yak
 11995 | D:9      | Killed a death yak
 12141 | D:9      | Reached **** piety under Okawaru
 12386 | D:9      | Received a gift from Okawaru
 12552 | D:9      | Found a hide-covered altar of Uskayaw.
 12724 | D:10     | Entered Level 10 of the Dungeon
 12935 | D:10     | Identified the +5 dagger of Crystal {flame, Str+8 Stlth+}
 12939 | D:10     | Noticed an orange crystal statue
 13039 | D:10     | Reached skill level 1 in Stealth
 13261 | D:10     | Reached skill level 2 in Stealth
 13355 | D:10     | Noticed Grum
 13362 | D:10     | Reached skill level 3 in Stealth
 13367 | D:10     | Killed Grum
 13405 | D:10     | Received a gift from Okawaru
 13406 | D:10     | Reached skill level 4 in Stealth
 13565 | D:10     | Noticed a two-headed ogre
 13604 | D:10     | Killed a two-headed ogre
 13605 | D:10     | Reached skill level 5 in Stealth
 13646 | D:10     | Found a staircase to the Orcish Mines.
 13998 | Orc:1    | Entered Level 1 of the Orcish Mines
 14483 | D:11     | Noticed a two-headed ogre
 14512 | D:11     | Killed a two-headed ogre
 14513 | D:11     | Reached skill level 6 in Stealth
 14584 | D:11     | Reached skill level 7 in Stealth
 14634 | D:11     | Noticed a two-headed ogre
 14668 | D:11     | Noticed a manticore
 14754 | D:11     | Noticed a two-headed ogre
 14811 | D:11     | Killed a two-headed ogre
 14811 | D:11     | Received a gift from Okawaru
 14831 | D:11     | Killed a two-headed ogre
 14831 | D:11     | Received a gift from Okawaru
 14832 | D:11     | Reached skill level 8 in Stealth
 14951 | D:11     | Killed a manticore
 14951 | D:11     | Received a gift from Okawaru
 14952 | D:11     | Reached skill level 9 in Stealth
 14952 | D:11     | Reached XP level 12. HP: 94/106 MP: 11/11
 15279 | D:11     | Reached skill level 10 in Stealth
 15628 | D:11     | Received a gift from Okawaru
 15949 | D:6      | Killed RancidPinata's ghost
 16077 | D:12     | Reached skill level 11 in Stealth
 16399 | D:12     | Noticed a five-headed hydra
 16418 | D:12     | Killed a one-headed hydra
 16418 | D:12     | Reached ***** piety under Okawaru
 16418 | D:12     | Received a gift from Okawaru
 16640 | D:12     | Reached skill level 12 in Stealth
 16776 | D:12     | Found an iron altar of Okawaru.
 17432 | D:12     | Found Botuz Fubi's Magic Scroll Boutique.
 17435 | D:12     | Bought a scroll of teleportation for 45 gold pieces
 17435 | D:12     | Bought a scroll of identify for 30 gold pieces
 17435 | D:12     | Bought a scroll of identify for 30 gold pieces
 17813 | D:12     | Noticed Josephine
 17832 | D:12     | Killed Josephine
 17832 | D:12     | Received a gift from Okawaru
 18449 | D:13     | Found a frozen archway.
 18510 | IceCv    | Entered an ice cave
 18841 | IceCv    | Received a gift from Okawaru
 19507 | IceCv    | Reached skill level 13 in Stealth
 19761 | IceCv    | HP: 5/106 [harpy simulacrum (7)]
 19761 | IceCv    | HP: 2/106 [harpy simulacrum (3)]
 19761 | IceCv    | Slain by a harpy simulacrum

Illustrated notes

Levels and vault maps discovered:
D:1:      minmay_arrival_widening_spiral_wide, layout_basic,
          ebering_ecumenical_altar_abandoned, hangedman_decor_points
D:2:      layout_basic, uniq_terence, uniq_jessica
D:3:      minmay_roachtagon, layout_basic
D:4:      layout_basic, mainiacjoe_overflow_big_doors,
          mainiacjoe_overflow_large_starburst, portal_sewer_entry_f,
          mrwooster_statue_mirror, kennysheep_generic_room_13
D:5:      layout_basic, mainiacjoe_overflow_boulevard, lemuel_flamethrower_2
D:6:      layout_cave_pools, cheibrodos_ashenzari_chains,
          ebering_ghost_reflecting_pool, uniq_blork_the_orc, uniq_menkaure
D:7:      layout_loops_ring, minmay_temple_entry_grid, minmay_misc_feat_iff
D:8:      layout_rooms, minitemple, nicolae_dithmenos_through_a_glass_darkly,
          serial_shops, nicolae_shop_statue_plus, minivault_4, uniq_gastronok
D:9:      minmay_spotlight, layout_basic, mainiacjoe_overflow_alcove_4,
          dpeg_lair_monsters, minmay_misc_feat_secret_circle
D:10:     layout_gridville, mainiacjoe_overflow_small_starburst, david_orc_2,
          minmay_statue_bubble, uniq_grum
D:11:     layout_long_grid
D:12:     layout_loops_corners, serial_shops, nicolae_shop_behind_doors,
          grunt_ministairs_2, grunt_decor_arrowhead, okawaru_trees_2,
          uniq_josephine
D:13:     layout_cave_pods, portal_ice_cave_entry_imps,
          minmay_guarded_unrand_skullcrusher
Temple:   corrupted_temple
Orc:1:    giant_chief_lemuel, layout_diamond_mine, nicolae_shop_gadgets
IceCv:    ice_cave_small_demon

Skill      XL: |  1  2  3  4  5  6  7  8  9 10 11 12 |
---------------+-------------------------------------+-----
Throwing       | 2 3 4 5 6 7 8 9 |  9.3
Axes           | 3 4 5 7 8 |  8.5
Dodging        | 3 4 5 6 8 |  8.5
Fighting       | 3 4 5 6 8 9 |  9.8
Stealth        | 9 13 | 13.0
Invocations    | |  0.1

Action                   |  1- 3 |  4- 6 |  7- 9 | 10-12 || total
-------------------------+-------+-------+-------+-------++-------
Melee: War axe           |   125 |   159 |     5 |    34 ||   323
       Hand axe          |       |       |   306 |    84 ||   390
       Flail             |       |       |     2 |    26 ||    28
       Broad axe         |       |       |       |   255 ||   255
       Dagger            |       |       |       |    15 ||    15
Throw: Throwing net      |       |     1 |     1 |     1 ||     3
       Boomerang         |       |     5 |       |       ||     5
       Dart              |       |       |     3 |   104 ||   107
       Javelin           |       |       |       |    20 ||    20
Invok: Heroism           |       |       |       |     3 ||     3
Evoke: Wand              |       |       |       |     7 ||     7
  Use: Scroll            |       |     5 |     7 |    19 ||    31
       Potion            |       |     3 |     2 |     3 ||     8
 Stab: Sleeping          |       |       |       |    11 ||    11
       Paralysed         |       |       |       |     5 ||     5
       Distracted        |       |       |       |     2 ||     2
       Invisible         |       |       |       |     1 ||     1
Armor: Leather armour    |    57 |    84 |   102 |   193 ||   436
Dodge: Dodged            |   126 |   142 |   247 |   407 ||   922

Table legend: (Time is in decaauts)
 A = Elapsed time spent in this place.
 B = Non-inter-level travel time spent in this place.
 C = Inter-level travel time spent in this place.
 D = Time resting spent in this place.
 E = Time spent auto-exploring this place.
 F = Levels seen in this place.
 G = Mean time per level.
                   A        B        C        D        E       F      G
               +--------+--------+--------+--------+--------+-----+--------+
         Total |  19913 |  19018 |    895 |   2643 |  12721 |  16 | 1244.6 |
       Dungeon |  18585 |  17722 |    863 |   1958 |  12320 |  13 | 1429.6 |
        Temple |     63 |     32 |     31 |      0 |     26 |   1 |   63.0 |
  Orcish Mines |      1 |      1 |      0 |      0 |      0 |   1 |    1.0 |
      Ice Cave |   1262 |   1262 |      0 |    685 |    375 |   1 | 1262.0 |
               +--------+--------+--------+--------+--------+-----+--------+

Top non-repeatable levels by time:
     D:9: 2617 daAuts
    D:12: 2401 daAuts
     D:4: 1611 daAuts
     D:8: 1550 daAuts
    D:10: 1524 daAuts
    D:11: 1515 daAuts
     D:5: 1470 daAuts
     D:2: 1463 daAuts
     D:7: 1287 daAuts
   IceCv: 1262 daAuts
     D:1: 1213 daAuts
     D:3: 1170 daAuts
     D:6: 681 daAuts
    D:13: 78 daAuts
  Temple: 63 daAuts
